 Dungeon Crawl Stone Soup version 0.19-a0-1834-g6b7851e (webtiles) character file.

849 jbasstz the Ruffian (level 7, 0/67 HPs)
             Began as a Troll Fighter on Oct 8, 2016.
             Slain by Pikel
             ... wielding a +0 whip of electrocution
              (8 damage)
             ... on level 5 of the Dungeon.
             The game lasted 00:18:13 (3989 turns).

jbasstz the Ruffian (Troll Fighter)                 Turns: 3989, Time: 00:18:14

Health: 0/67       AC:  5    Str: 27    XL:     7   Next: 69%
Magic:  6/6        EV:  9    Int:  4    God:
Gold:   224        SH:  9    Dex:  9    Spells: 0 memorised, 6 levels left

rFire  . . .     SeeInvis .       - Unarmed
rCold  . . .     Gourm    +     a - +0 robe
rNeg   . . .     Faith    .     b - +0 shield
rPois  .         Spirit   .     (helmet restricted)
rElec  .         Dismiss  .     (no cloak)
rCorr  .         Reflect  .     (gloves unavailable)
MR     .....     Harm     .     (boots unavailable)
Stlth  +.........               (no amulet)
                                (no ring)
                                (no ring)

@: no status effects
A: unfitting armour, claws 3, fast metabolism 3, gourmand, regeneration 1,
shaggy fur 1, tough skin 2
a: no special abilities


You were on level 5 of the Dungeon.
You were very full.

You visited 1 branch of the dungeon, and saw 5 of its levels.

You collected 224 gold pieces.

Inventory:

Armour
 a - a +0 robe (worn)
 b - a +0 shield (worn)
Jewellery
 e - an uncursed amulet of regeneration {unknown}
 p - a cursed ring of teleportation {unknown}
 t - an uncursed amulet of guardian spirit {unknown}
Wands
 w - a wand of iceblast (9/15)
Scrolls
 f - 5 scrolls of identify {unknown}
 j - 2 scrolls of magic mapping {unknown}
 k - 2 scrolls of noise {unknown}
 l - a scroll of teleportation {unknown}
 m - a scroll of remove curse {unknown}
 n - a scroll of fear {unknown}
 r - a scroll of blinking {unknown}
 s - a scroll of recharging {unknown}
Potions
 c - 2 potions of might
 g - 3 potions of curing {unknown}
 h - a potion of mutation {unknown}
 i - a potion of flight {unknown}
 u - a potion of ambrosia {unknown}
Comestibles
 d - 4 bread rations
 o - a beef jerky
 q - 7 fruits
 v - a meat ration
 x - a chunk of flesh


   Skills:
 + Level 3.5 Fighting
 + Level 4.0 Dodging
 + Level 0.2 Stealth
 + Level 4.0 Shields
 + Level 6.2 Unarmed Combat


You had 6 spell levels left.
You didn't know any spells.

Dungeon Overview and Level Annotations

Branches:
Dungeon (5/15)
 Temple: D:4-7

Altars:
Kikubaaqudgha
Makhleb
Nemelex Xobeh
Okawaru
Trog

Shops:
D:4 %

Annotations:
D:5 Pikel


Innate Abilities, Weirdness & Mutations

You are too large for most types of armour.
You have claws for hands.
Your metabolism is lightning-fast.
You like to eat raw meat.
Your natural rate of healing is unusually fast.
You are covered in fur. (AC +1)
You have very tough skin. (AC +2)


Message History

You scratch the slave.
The slave is moderately wounded.
Pikel cracks his whip.
You barely miss Pikel. You closely miss Pikel.
Pikel hits you with a whip of electrocution.
* * * LOW HITPOINT WARNING * * *
You are electrocuted!
* * * LOW HITPOINT WARNING * * *
You claw Pikel!
Pikel is lightly wounded.
Pikel hits you with a whip of electrocution.
* * * LOW HITPOINT WARNING * * *
You closely miss Pikel.
Pikel is lightly wounded.
You block Pikel's attack.
You claw Pikel!
Pikel is heavily wounded.
Pikel hits you but does no damage.
You are electrocuted!
You die...

.###.##### .#
......pK@# . #
....####.# .. . #.#
.# ###>########### .
#.......(.....# .
.###.#.#########.# .
........#### #.# .
##........# #.# #
#..#..##.#####.#####.


You could see Pikel and a slave.

Vanquished Creatures
  An orc warrior (D:3)
  A sky beast (D:5)
  3 slaves (D:5)
  An ogre (D:4)
  A centaur (D:5)
  A crimson imp (D:4)
  A bullfrog zombie (D:5)
  2 hounds (D:4)
  A jelly (D:5)
  Jessica (D:2)
  3 orc wizards
  2 worker ants (D:4)
  A hound zombie (D:5)
  A hound skeleton (D:5)
  5 adders
  An ooze (D:5)
  An adder skeleton (D:4)
  3 worms
  A dart slug (D:3)
  2 leopard geckos
  13 orcs
  2 giant cockroaches
  10 goblins
  9 hobgoblins
  9 jackals
  6 kobolds
  3 quokkas
  2 ball pythons
  A ball python skeleton (D:5)
  6 bats
  13 frilled lizards
  6 rats
113 creatures vanquished.

Notes
Turn   | Place    | Note
-------+----------+-------------------------------------------
     0 | D:1      | jbasstz the Troll Fighter began the quest for the Orb.
     0 | D:1      | Reached XP level 1. HP: 22/22 MP: 0/0
   145 | D:1      | Reached XP level 2. HP: 29/29 MP: 1/1
   515 | D:1      | Reached XP level 3. HP: 36/36 MP: 2/2
   926 | D:2      | Noticed Jessica
   931 | D:2      | Killed Jessica
  1177 | D:2      | Reached XP level 4. HP: 37/45 MP: 3/3
  1737 | D:3      | Noticed an orc warrior
  1913 | D:3      | Reached skill level 3 in Unarmed Combat
  2033 | D:3      | Reached XP level 5. HP: 29/53 MP: 4/4
  2143 | D:3      | Killed an orc warrior
  2143 | D:3      | Reached skill level 4 in Unarmed Combat
  2445 | D:3      | Found a burning altar of Makhleb.
  2448 | D:3      | Found a sparkling altar of Nemelex Xobeh.
  2515 | D:3      | Found a bloodstained altar of Trog.
  2526 | D:3      | Found an ancient bone altar of Kikubaaqudgha.
  2779 | D:3      | Reached XP level 6. HP: 54/61 MP: 5/5
  3063 | D:4      | Found an iron altar of Okawaru.
  3310 | D:4      | Reached skill level 5 in Unarmed Combat
  3561 | D:4      | Reached XP level 7. HP: 64/67 MP: 6/6
  3595 | D:4      | Found Vautoniq's Food Boutique.
  3608 | D:5      | Entered Level 5 of the Dungeon
  3895 | D:5      | Reached skill level 6 in Unarmed Combat
  3964 | D:5      | Noticed Pikel
  3989 | D:5      | Slain by Pikel

Vault maps used:
D:1:      scummos_arrival_forest
D:2:      uniq_jessica
D:3:      grunt_temple_overflow_cloverleaf
D:4:      nicolae_overflow_crystal_walls, first_bread, serial_shops,
          kennysheep_mini
D:5:      minmay_liquid_box, uniq_pikel, uniq_prince_ribbit1

Skill      XL: |  1  2  3  4  5  6  7 |
---------------+----------------------+-----
Fighting       | 3 |  3.5
Dodging        | 3 4 |  4.0
Unarmed Combat | 3 4 5 6 |  6.2
Shields        | 3 4 |  4.0
Stealth        | |  0.2

Action                   |  1- 3 |  4- 6 |  7- 9 || total
-------------------------+-------+-------+-------++-------
Melee: Unarmed           |    89 |   206 |    91 ||   386
  Eat: Chunk             |    15 |    21 |     6 ||    42
Armor: Robe              |    28 |    45 |    13 ||    86
Dodge: Dodged            |    22 |    46 |    23 ||    91
Block: Shield            |    30 |    68 |    35 ||   133
